 Dungeon Crawl Stone Soup version 0.22-a0-407-gb098539 (webtiles) character file.

24103 KristoblXynda the Grappler (level 12, -4/111 HPs)
             Began as a Troll Wizard on May 9, 2018.
             Was a Priest of Ashenzari.
             Slain by a molten gargoyle
             ... wielding a +0 dire flail
              (6 damage)
             ... in a volcano.
             The game lasted 00:41:10 (15549 turns).

KristoblXynda the Grappler (Troll Wizard)          Turns: 15549, Time: 00:41:10

Health: -4/111     AC:  7    Str: 18    XL:     12   Next: 77%
Magic:  11/16      EV: 11    Int: 18    God:    Ashenzari [***...]
Gold:   1006       SH:  0    Dex: 10    Spells: 8/18 levels left

rFire    + . .     SeeInvis +     - Unarmed
rCold    + + .     Gourm    +   (no shield)
rNeg     . . .     Faith    .   n - +1 robe {MR+}
rPois    .         Spirit   .   b - +0 hat
rElec    .         Reflect  .   p - +0 cloak
rCorr    .         Harm     .   (gloves unavailable)
MR       +....                  (boots unavailable)
Stlth    +.........             (no amulet)
HPRegen  0.68/turn              D - ring of protection from cold
MPRegen  0.15/turn              e - ring of protection from fire (curse)

@: no status effects
A: large, unfitting armour, claws 3, agile 1, cold resistance 1, fast metabolism
3, gourmand, regeneration 1, shaggy fur 1, tough skin 2
a: Curse Item, Scrying, Renounce Religion


You were in a volcano.
You worshipped Ashenzari.
Ashenzari was most pleased with you.
You were very full.

You visited 3 branches of the dungeon, and saw 17 of its levels.
You also visited: Volcano.

You collected 1006 gold pieces.

Inventory:

Hand Weapons
 a - a +4 whip of venom
Missiles
 m - 3 throwing nets (quivered)
Armour
 b - a +0 hat (worn)
 n - a +1 robe of magic resistance (worn)
 p - a +0 cloak (worn)
Jewellery
 e - a cursed ring of protection from fire (right claw)
 i - an uncursed ring of flight
 D - a ring of protection from cold (left claw)
Wands
 f - a wand of acid (11)
 r - a wand of scattershot (11)
 E - a wand of paralysis (13)
Scrolls
 c - 7 scrolls of remove curse
 k - a scroll of teleportation
 o - 2 scrolls of vulnerability
 q - 2 scrolls of amnesia
 u - 2 scrolls of enchant armour
 v - 3 scrolls of fog
 w - 5 scrolls of identify
 z - a scroll of immolation
 A - a scroll of magic mapping
Potions
 g - 5 potions of brilliance
 h - a potion of invisibility
 j - a potion of cancellation
 l - a potion of magic
 s - 3 potions of flight
 t - 3 potions of heal wounds
 x - 3 potions of curing
 C - a potion of resistance
 G - a potion of mutation
 H - a potion of haste {unknown}
Miscellaneous
 y - a lamp of fire (inert)
 F - a phantom mirror
Comestibles
 d - 22 rations
 B - 5 chunks of flesh


   Skills:
 - Level 5.0 Fighting
 + Level 4.6 Dodging
 - Level 1.0 Stealth
 + Level 12.7 Unarmed Combat
 + Level 3.8 Spellcasting
 + Level 11.2 Conjurations
   Level 0.6 Summonings
   Level 0.6 Translocations


You had 8 spell levels left.
You knew the following spells:

 Your Spells              Type           Power        Failure   Level  Hunger
a - Magic Dart            Conj           ####         1%          1    None
b - Mephitic Cloud        Conj/Pois/Air  ###.....     10%         3    ###....
c - Regeneration          Chrm/Necr      #.........   41%         3    ###....
d - Conjure Flame         Conj/Fire      ###.....     4%          3    ###....


Dungeon Overview and Level Annotations

Branches:
Dungeon (14/15)            Temple (1/1) D:4            Lair (2/6) D:9
    Orc (0/2) D:9          Vaults (0/5) D:13
  Swamp: Lair:2-4    Shoals: Lair:2-4     Snake: Lair:2-4    Spider: Lair:2-4

Altars:
Ashenzari
Cheibriados
Dithmenos
Elyvilon
Fedhas
Gozag
Hepliaklqana
Makhleb
Nemelex Xobeh
Okawaru
Qazlal
Ru
Trog
Uskayaw
Wu Jian
Xom
Yredelemnul
Zin
The Shining One

Shops:
D:8 (   D:10 =

Annotations:
D:5 Blork the orc, Sigmund
Lair:1 exclusion: oklob plant


Innate Abilities, Weirdness & Mutations

You are too large for most types of armour.
You have claws for hands.
Your metabolism is lightning-fast.
You like to eat raw meat.
Your natural rate of healing is unusually fast.
You are covered in fur. (AC +1)
You have very tough skin. (AC +2)
You are agile. (Dex +2)
Your flesh is cold resistant. (rC+)


Message History

The centaur shoots an arrow.
The arrow hits you.
The centaur warrior barely misses the centaur.
The centaur shoots an arrow.
The arrow hits you. The arrow burns you.
The molten gargoyle hits you with a dire flail!!
* * * LOW HITPOINT WARNING * * *
You are engulfed in flames.
You resist.
* * * LOW HITPOINT WARNING * * *
The red draconian hits you with a halberd of flaming!!
* * * LOW HITPOINT WARNING * * *
The red draconian burns you.
* * * LOW HITPOINT WARNING * * *
Okay, then.
Okay, then.
Okay, then.
The centaur unwields an uncursed shortbow of flaming.
It stops flaming.
The centaur barely misses you.
The molten gargoyle hits you with a dire flail!
* * * LOW HITPOINT WARNING * * *
You are engulfed in flames.
You resist.
You die...

≈≈≈≈≈≈≈≈..##
#.)⌠..#.$#
≈≈≈§§≈..##
##...##[$#
≈≈§§≈...###
##'### ##
≈≈≈§§....8###...#
{,,*
§≈§§≈.......'.∩.+
{ ,
§≈≈≈.....8###...#
,.#* §§§....####
##'### *'#
§....##*
##)..##)$# #####*
#.9@c.#!$#
#((c.c8[[#
#(d...##.#
#(.8(.#* #
##..(## #####


You could see a red draconian, a centaur warrior (confused), a molten gargoyle
and 2 centaurs.

Vanquished Creatures
  A hydra (D:12)
  A centaur warrior (D:13)
  3 two-headed ogres
  Sonja (Lair:1)
  Nergalle (D:11)
  A shadow wraith (D:13)
  An unseen horror (D:13)
  The ghost of VDreamerV the Changer, a novice OpTm (D:6)
  2 cyclopes
  4 ugly things
  2 centaur zombies (D:11)
  A black mamba (Lair:1)
  A freezing wraith (D:10)
  The ghost of VDreamerV the Changer, a novice OpTm of Elyvilon (D:5)
  A yaktaur (shapeshifter) (D:13)
  2 hippogriffs
  5 slime creatures
  A spriggan (D:7)
  2 wraiths
  3 wyverns
  15 yaks
  6 fire bats (Volcano)
  A vampire (D:12)
  4 vampire mosquitoes
  Edmund (D:5)
  3 wargs (D:9)
  An acid dragon (D:12)
  A water moccasin (D:11)
  3 orc warriors
  A hornet zombie (D:8)
  4 black bears
  A necrophage (D:7)
  12 ogres
  3 sky beasts
  4 phantoms
  9 centaurs
  9 crocodiles
  4 big kobolds
  10 bullfrogs
  A wyvern skeleton (D:8)
  7 killer bees
  4 wights (D:6)
  3 howler monkeys
  2 electric eels (D:9)
  6 crimson imps
  6 lava snakes (Volcano)
  2 bullfrog zombies
  4 jellies
  2 bullfrog skeletons
  9 hounds
  9 orc wizards
  8 orc priests
  2 centaur skeletons
  Jessica (D:2)
  3 iguanas
  Natasha (thrice) (D:3)
  9 worker ants
  A hound zombie (D:10)
  2 hound skeletons (D:10)
  A worker ant zombie (D:11)
  A gnoll (D:9)
  12 adders
  A shadow imp (D:12)
  An adder zombie (D:8)
  An ooze (D:4)
  An adder skeleton (D:6)
  2 worms
  6 dart slugs
  5 leopard geckos
  25 orcs
  5 bats
  5 goblins
  6 hobgoblins
  11 jackals
  5 quokkas
  A frilled lizard (D:1)
  24 kobolds
  A leopard gecko skeleton (D:9)
  A quokka zombie (D:5)
  6 rats
332 creatures vanquished.

Notes
Turn   | Place    | Note
-------+----------+-------------------------------------------
     0 | D:1      | KristoblXynda the Troll Wizard began the quest for the Orb.
     0 | D:1      | Reached XP level 1. HP: 16/16 MP: 2/2
   152 | D:1      | Reached skill level 1 in Unarmed Combat
   152 | D:1      | Reached skill level 1 in Conjurations
   167 | D:1      | Reached XP level 2. HP: 24/24 MP: 4/4
   682 | D:2      | Reached XP level 3. HP: 31/31 MP: 5/5
   690 | D:2      | Reached skill level 2 in Unarmed Combat
  1060 | D:2      | Reached XP level 4. HP: 15/39 MP: 6/6
  1132 | D:2      | Noticed Jessica
  1138 | D:2      | Killed Jessica
  1523 | D:3      | Reached skill level 3 in Unarmed Combat
  1529 | D:3      | Reached XP level 5. HP: 33/45 MP: 7/7
  1869 | D:3      | Noticed Natasha
  1872 | D:3      | Killed Natasha
  1897 | D:3      | Noticed Natasha
  1917 | D:3      | Killed Natasha
  2084 | D:3      | Noticed Natasha
  2094 | D:3      | Killed Natasha
  2094 | D:3      | Reached skill level 4 in Unarmed Combat
  2408 | D:4      | Reached XP level 6. HP: 53/53 MP: 8/8
  2629 | D:4      | Learned a level 3 spell: Mephitic Cloud
  2669 | D:4      | Found a staircase to the Ecumenical Temple.
  2681 | Temple   | Entered the Ecumenical Temple
  2688 | Temple   | Became a worshipper of Ashenzari the Shackled
  2726 | D:4      | Reached skill level 5 in Unarmed Combat
  2726 | D:4      | Reached XP level 7. HP: 59/59 MP: 3/9
  2855 | D:4      | Found an opulent altar of Gozag.
  3181 | D:4      | Noticed Edmund
  3206 | D:5      | Entered Level 5 of the Dungeon
  3240 | D:5      | Killed Edmund
  3666 | D:5      | Reached skill level 6 in Unarmed Combat
  3731 | D:5      | Noticed VDreamerV's ghost (novice OpTm)
  3784 | D:5      | Killed VDreamerV's ghost
  3784 | D:5      | Reached skill level 5 in Conjurations
  3784 | D:5      | Reached XP level 8. HP: 43/67 MP: 7/10
  3865 | D:5      | Noticed Sigmund
  3883 | D:5      | Gained mutation: Armour fits poorly on your strangely shaped body. [potion of mutation]
  3883 | D:5      | Gained mutation: Your flesh is cold resistant. (rC+) [potion of mutation]
  4169 | D:5      | Noticed Blork the orc
  4237 | D:6      | Reached skill level 7 in Unarmed Combat
  4250 | D:6      | Noticed VDreamerV's ghost (novice OpTm)
  4408 | D:6      | Found a stormy altar of Qazlal.
  4462 | D:6      | Killed VDreamerV's ghost
  4462 | D:6      | Reached skill level 8 in Unarmed Combat
  4567 | D:6      | Reached XP level 9. HP: 22/74 MP: 5/11
  4784 | D:6      | Found a sacrificial altar of Ru.
  5247 | D:6      | Reached skill level 9 in Unarmed Combat
  5886 | D:7      | Lost mutation: Armour fits poorly on your strangely shaped body. [potion of mutation]
  5886 | D:7      | Lost mutation: Your flesh is cold resistant. (rC+) [potion of mutation]
  5886 | D:7      | Gained mutation: You are agile. (Dex +2) [potion of mutation]
  5886 | D:7      | Gained mutation: Your flesh is cold resistant. (rC+) [potion of mutation]
  5931 | D:7      | Reached skill level 10 in Unarmed Combat
  6099 | D:7      | Reached XP level 10. HP: 51/81 MP: 12/12
  6210 | D:7      | Reached * piety under Ashenzari
  6245 | D:7      | Found an ornate altar of the Wu Jian Council.
  6504 | D:8      | Found Kisof's Antique Weapon Emporium.
  6673 | D:8      | Found a hide-covered altar of Uskayaw.
  6838 | D:8      | Reached skill level 1 in Fighting
  7166 | D:9      | Noticed a two-headed ogre
  7196 | D:9      | Killed a two-headed ogre
  7214 | D:9      | Learned a level 3 spell: Regeneration
  7749 | D:9      | Found a staircase to the Orcish Mines.
  7809 | D:9      | Reached skill level 11 in Unarmed Combat
  7820 | D:9      | Found a staircase to the Lair.
  8210 | D:9      | Found a snail-covered altar of Cheibriados.
  8218 | D:9      | Found a sparkling altar of Nemelex Xobeh.
  8220 | D:9      | Found a hazy altar of Hepliaklqana.
  8269 | D:9      | Noticed a two-headed ogre
  8280 | D:9      | Killed a two-headed ogre
  8280 | D:9      | Reached XP level 11. HP: 69/97 MP: 6/13
  8685 | D:10     | Entered Level 10 of the Dungeon
  8703 | D:10     | Noticed a two-headed ogre
  8716 | D:10     | HP: 4/97 [two-headed ogre/giant club (14)]
  9004 | D:10     | Reached ** piety under Ashenzari
  9426 | D:10     | Found Zaruseus's Jewellery Shop.
  9590 | D:10     | Killed a two-headed ogre
 10354 | D:11     | Noticed Nergalle
 10388 | D:11     | Killed Nergalle
 10388 | D:11     | Reached skill level 10 in Conjurations
 11237 | D:12     | Reached skill level 5 in Fighting
 11423 | D:11     | Learned a level 3 spell: Conjure Flame
 11774 | D:12     | Reached skill level 12 in Unarmed Combat
 11800 | D:12     | Noticed a green ugly thing
 11811 | D:12     | Killed a green ugly thing
 11811 | D:12     | Reached XP level 12. HP: 66/111 MP: 10/14
 12194 | D:12     | Noticed a four-headed hydra
 12223 | D:12     | Killed a four-headed hydra
 12523 | D:13     | Noticed a centaur warrior
 12699 | D:13     | Killed a centaur warrior
 12833 | D:13     | Reached *** piety under Ashenzari
 13742 | D:13     | Noticed a two-headed ogre
 13742 | D:13     | a swamp worm changed into a two-headed ogre
 13743 | D:13     | a two-headed ogre changed into a glowing shapeshifter
 13744 | D:13     | Noticed a five-headed hydra
 13744 | D:13     | a glowing shapeshifter changed into a five-headed hydra
 13753 | D:13     | Noticed a fire dragon
 13753 | D:13     | a five-headed hydra changed into a fire dragon
 14065 | D:13     | Found a gate to the Vaults.
 14396 | Lair:1   | Entered Level 1 of the Lair of Beasts
 14737 | Lair:1   | Noticed Sonja
 14765 | Lair:1   | Killed Sonja
 15180 | Lair:2   | Found a dark tunnel.
 15195 | Volcano  | Entered a volcano
 15521 | Volcano  | Noticed a red draconian
 15537 | Volcano  | Noticed a centaur warrior
 15549 | Volcano  | HP: 2/111 [molten gargoyle/dire flail (8)]
 15549 | Volcano  | Slain by a molten gargoyle

Vault maps used:
D:1:      dpeg_arrival_tiny_b, minmay_door_square, minmay_tromino_v2
D:2:      hex_large, uniq_jessica
D:3:      uniq_natasha
D:4:      grunt_gozag_breadcrumbs, minmay_temple_entry_purple_smoke, uniq_edmund
D:5:      grunt_temple_overflow_magic_moments, first_ration, uniq_sigmund,
          uniq_blork_the_orc, uniq_pikel
D:6:      nicolae_qazlal_eye_of_the_storm, nicolae_ru_path_of_blood
D:7:      kennysheep_mini, the_bakery
D:8:      serial_shops, shop, basic_altar, serial_glass, glass_columns_c,
          glass_columns_b, kennysheep_generic_room_13
D:9:      minitemple, erik_lair_orcish_takeover, kennysheep_boxes
D:10:     serial_shops, nicolae_shop_trees
D:11:     hangedman_decor_riveting, kennysheep_generic_room_10, uniq_nergalle
D:13:     david_vaults_4, st_stairs_5
D:14:     serial_park_tiny_pond, uniq_nessos
Temple:   nicolae_temple_no_exploring_needed
Lair:1:   minmay_lair_oklob_tunnel, uniq_sonja
Lair:2:   nicolae_volcano_entry_lava_flow, infiniplex_staircase_pool
Volcano:  volcano_grotto

Skill      XL: |  1  2  3  4  5  6  7  8  9 10 11 12 |
---------------+-------------------------------------+-----
Unarmed Combat | 1 2 3 4 5 6 8 10 11 12 | 12.7
Conjurations   | 1 2 3 4 5 6 7 9 10 11 | 11.2
Fighting       | 3 5 |  5.0
Dodging        | 2 4 |  4.6
Spellcasting   | 3 |  3.8
Stealth        | |  1.0
Summonings     | |  0.6
Translocations | |  0.6

Action                   |  1- 3 |  4- 6 |  7- 9 | 10-12 || total
-------------------------+-------+-------+-------+-------++-------
Melee: Unarmed           |   106 |   147 |   337 |   777 ||  1367
       Punch             |       |     2 |     7 |    33 ||    42
       Whip              |       |       |       |    21 ||    21
 Cast: Magic Dart        |       |    12 |    61 |    71 ||   144
       Mephitic Cloud    |       |       |     2 |    23 ||    25
       Conjure Flame     |       |       |       |     4 ||     4
Evoke: Wand              |       |       |     6 |     4 ||    10
       Lamp of fire      |       |       |       |     1 ||     1
  Use: Scroll            |       |     6 |    10 |    13 ||    29
       Potion            |       |       |     9 |     4 ||    13
 Stab: Sleeping          |     1 |     1 |     3 |     2 ||     7
       Confused          |       |       |     2 |     3 ||     5
       Paralysed         |       |       |       |     1 ||     1
  Eat: Chunk             |    15 |    16 |    33 |    72 ||   136
       Ration            |       |       |       |     5 ||     5
Armor: Robe              |    37 |    45 |   122 |   189 ||   393
       Skin              |       |       |       |    59 ||    59
Dodge: Dodged            |    58 |    70 |   177 |   306 ||   611

Table legend:
 A = Spawn XP
 B = Non-spawn XP
 C = Spawn XP percentage of total XP
 D = Spawn monster count
 E = Non-spawn monster count
 F = Spawn count percentage of total count
 G = Total turns spent on level
                    A         B        C        D         E        F      G
               +---------+---------+-------+---------+---------+-------+---------
         Total |       0 |   34433 |   0.0 |       0 |     332 |   0.0 | 15549
               +---------+---------+-------+---------+---------+-------+---------
           D:1 |       0 |      37 |   0.0 |       0 |      17 |   0.0 |   671
           D:2 |       0 |     115 |   0.0 |       0 |      24 |   0.0 |   807
           D:3 |       0 |     220 |   0.0 |       0 |      14 |   0.0 |   921
           D:4 |       0 |     617 |   0.0 |       0 |      14 |   0.0 |  1340
           D:5 |       0 |     609 |   0.0 |       0 |       5 |   0.0 |   427
           D:6 |       0 |    2582 |   0.0 |       0 |      31 |   0.0 |  1470
           D:7 |       0 |    1659 |   0.0 |       0 |      23 |   0.0 |   845
           D:8 |       0 |     894 |   0.0 |       0 |      14 |   0.0 |   548
           D:9 |       0 |    4961 |   0.0 |       0 |      49 |   0.0 |  1942
          D:10 |       0 |    2965 |   0.0 |       0 |      19 |   0.0 |  1147
          D:11 |       0 |    3573 |   0.0 |       0 |      16 |   0.0 |  1347
          D:12 |       0 |    7116 |   0.0 |       0 |      57 |   0.0 |  1189
          D:13 |       0 |    5417 |   0.0 |       0 |      26 |   0.0 |  1720
        Lair:1 |       0 |    1777 |   0.0 |       0 |       7 |   0.0 |   743
        Lair:2 |       0 |     197 |   0.0 |       0 |       2 |   0.0 |    56
       Volcano |       0 |    1694 |   0.0 |       0 |      14 |   0.0 |   354
               +---------+---------+-------+---------+---------+-------+---------
